 Dungeon Sprint DCSS version 0.15-a0-1206-g3bad1a6 (webtiles) character file.

2000000 Infinimo the Ninja (level 19, -43/112 HPs)
             Began as a Formicid Enchanter on June 1, 2014.
             Was a High Priest of Makhleb.
             Annihilated by a large bag of meat
             ... wielding a +9,+9 giant spiked club
              (117 damage)
             ... in the Dungeon (Sprint VIII: "Arena of Blood").
             The game lasted 00:00:48 (20 turns).

Infinimo the Ninja (Formicid Enchanter)               Turns: 20, Time: 00:00:48

HP -43/112       AC  3     Str 13      XL: 19   Next:  5%
MP   9/45        EV 31     Int 17      God: Makhleb [*****.]
Gold 0           SH  0     Dex 17      Spells:  1 memorised, 68 levels left

rFire  . . .     SeeInvis +     g - +∞ Axe of Woe
rCold  . . .     Clarity  .     b - +1 robe
rNeg   . . .     rCorr    .     (no shield)
rPois  .         rRot     .     (helmet unavailable)
rElec  .         Spirit   .     (no cloak)
SustAb .         Warding  .     (no gloves)
rMut   .         Stasis   +     (no boots)
Gourm  .                        (no amulet)
MR     +....                    (no ring)
                                (no ring)

@: somewhat resistant to hostile enchantments, incredibly stealthy
A: permanent stasis, dig shafts and tunnels, four strong arms, antennae 3
a: Dig, Minor Destruction, Lesser Servant of Makhleb, Major Destruction, Greater
Servant of Makhleb, Renounce Religion


You were in the Dungeon.
You worshipped Makhleb.
Makhleb was extremely pleased with you.
You were not hungry.

You visited 1 branch

Inventory:

Hand weapons
 a - a +1,+1 dagger
 g - the +∞,+∞ Axe of Woe (weapon)
   (You found it in the Dungeon)
Armour
 b - a +1 robe (worn)
Comestibles
 d - a bread ration
Potions
 e - a potion of curing
 f - a potion of heal wounds
 h - 2 potions of magic
Books
 c - a book of Maledictions

   Spells                             Type                      Level
   *Corona                            Hexes                        1
   Sure Blade                         Hexes/Charms                 2
   Ensorcelled Hibernation            Hexes/Ice                    2
   Confuse                            Hexes                        3
   Dazzling Spray                     Conjuration/Hexes            3
   Enslavement                        Hexes                        4


   Skills:
 + Level 25.7 Short Blades
 + Level 24.1 Dodging
 O Level 27 Stealth
 + Level 25.8 Spellcasting
 O Level 27 Hexes


You had 68 spell levels left.
You knew the following spells:

 Your Spells              Type           Power        Failure   Level  Hunger
a - Corona                Hex            #######      0%          1    None


Dungeon Overview and Level Annotations

Branches:
Dungeon (1/1)

Altars:
Makhleb


Innate Abilities, Weirdness & Mutations

Your are under a permanent stasis effect.
You can dig through walls and to a lower floor.
Your four strong arms can wield two-handed weapons with a shield.
You have a pair of large antennae on your head (SInv).


Message History

You slaughter the meat berserker joyfully.
You kill the meat berserker!
Makhleb accepts your kill.
You feel a little better.
Your Short Blades skill increases to level 25!
Your Dodging skill increases to level 23!
Your Spellcasting skill increases to level 25!
You fatally mangle the large bag of meat.
The large bag of meat explodes!
The fiery explosion engulfs you!
The fiery explosion engulfs the large bag of meat.
Makhleb accepts your kill.
Your Dodging skill increases to level 24!
You have reached level 19!
You hear a shout! x21
The destroyer blinks!
You hear a shout!
The large bag of meat hits you with a +9,+9 giant spiked club!!!!
Ouch! That really hurt!
You die...

. ... ..#. ......
...C. ....... ...%..
......... #......
#.......# ...#...
{#.......#
#.....%###.§.....###.
.......Co.Vo)###......
...#..@))))._......
#....)§)#)....#..
%....C.§C.#_.<._#
..#.......#.....#
....#........_......
...........###......
%....###... ..###.
.... #... ..# .. #C..
.#


You could see a destroyer, 4 large bags of meat and 2 bags of meat.

Vanquished Creatures
  A hill giant (D)
  6 ogres (D)
  11 orcs (D)
18 creatures vanquished.

Notes
Turn   | Place    | Note
--------------------------------------------------------------
     0 | D        | Infinimo, the Formicid Enchanter, began the quest for the Orb.
     0 | D        | Reached XP level 1. HP: 13/13 MP: 3/3
     3 | D        | Noticed a bag of meat
     4 | D        | Became a worshipper of Makhleb the Destroyer
     5 | D        | Noticed a bag of meat
     5 | D        | Noticed a meat berserker
     6 | D        | Noticed a bag of meat
     6 | D        | Noticed a bag of meat
     6 | D        | Noticed a bag of meat
     7 | D        | Noticed a bag of meat
     7 | D        | Noticed a bag of meat
     7 | D        | Killed a bag of meat
     7 | D        | Reached skill level 12 in Short Blades
     7 | D        | Reached skill level 16 in Stealth
     7 | D        | Reached skill level 15 in Hexes
     7 | D        | Reached XP level 2. HP: 19/19 MP: 3/19
     7 | D        | Reached XP level 3. HP: 24/24 MP: 3/21
     7 | D        | Reached XP level 4. HP: 30/30 MP: 3/23
     7 | D        | Reached XP level 5. HP: 35/35 MP: 3/25
     7 | D        | Reached XP level 6. HP: 41/41 MP: 3/27
     7 | D        | Reached XP level 7. HP: 46/46 MP: 3/28
     7 | D        | Reached XP level 8. HP: 52/52 MP: 3/29
     7 | D        | Reached XP level 9. HP: 57/57 MP: 3/30
     7 | D        | Reached XP level 10. HP: 63/63 MP: 3/31
     7 | D        | Reached XP level 11. HP: 68/68 MP: 3/32
     8 | D        | Noticed a bag of meat
     8 | D        | Killed a bag of meat
     8 | D        | Acquired Makhleb's first power
     8 | D        | Reached skill level 18 in Stealth
     8 | D        | Reached XP level 12. HP: 74/74 MP: 3/35
     8 | D        | Reached XP level 13. HP: 79/79 MP: 3/35
     8 | D        | Killed a bag of meat
     8 | D        | Reached skill level 15 in Short Blades
     8 | D        | Reached skill level 19 in Stealth
     8 | D        | Reached skill level 15 in Spellcasting
     9 | D        | Noticed a bag of meat
     9 | D        | Noticed a meat berserker
     9 | D        | Killed a meat berserker
     9 | D        | Reached skill level 15 in Dodging
     9 | D        | Reached skill level 20 in Stealth
     9 | D        | Reached XP level 14. HP: 85/85 MP: 3/38
    10 | D        | Noticed a meat berserker
    10 | D        | Killed a bag of meat
    10 | D        | Acquired Makhleb's second power
    10 | D        | Reached skill level 21 in Stealth
    10 | D        | Reached XP level 15. HP: 65/90 MP: 4/39
    10 | D        | Killed a bag of meat
    10 | D        | Reached skill level 22 in Stealth
    10 | D        | Killed a meat berserker
    10 | D        | Reached skill level 23 in Stealth
    10 | D        | Killed a bag of meat
    10 | D        | Acquired Makhleb's third power
    10 | D        | Reached skill level 24 in Stealth
    10 | D        | Reached XP level 16. HP: 96/96 MP: 4/41
    11 | D        | Noticed a meat berserker
    11 | D        | Noticed a bag of meat
    11 | D        | Killed a meat berserker
    11 | D        | Reached skill level 25 in Stealth
    12 | D        | Noticed a bag of meat
    12 | D        | Killed a meat berserker
    12 | D        | Killed a bag of meat
    12 | D        | Acquired Makhleb's fourth power
    12 | D        | Reached skill level 26 in Stealth
    12 | D        | Reached XP level 17. HP: 59/101 MP: 5/42
    13 | D        | Noticed a meat berserker
    14 | D        | Killed a bag of meat
    15 | D        | Noticed a bag of meat
    15 | D        | Killed a meat berserker
    15 | D        | Reached skill level 27 in Stealth
    16 | D        | Noticed a bag of meat
    16 | D        | Killed a bag of meat
    16 | D        | Reached XP level 18. HP: 107/107 MP: 7/44
    17 | D        | Noticed a bag of meat
    17 | D        | Noticed a large bag of meat
    17 | D        | Noticed a large bag of meat
    17 | D        | Noticed a large bag of meat
    17 | D        | Noticed a large bag of meat
    18 | D        | Noticed a meat berserker
    19 | D        | Noticed a large bag of meat
    19 | D        | Killed a bag of meat
    19 | D        | Acquired Makhleb's fifth power
    19 | D        | Reached skill level 27 in Hexes
    20 | D        | Noticed a large bag of meat
    20 | D        | Killed a bag of meat
    20 | D        | Killed a meat berserker
    20 | D        | Killed a large bag of meat
    20 | D        | Reached XP level 19. HP: 74/112 MP: 9/45
    20 | D        | Annihilated by a large bag of meat

Action                   |  1- 3 |  4- 6 |  7- 9 | 10-12 | 13-15 | 16-18 | 19-21 || total
-------------------------+-------+-------+-------+-------+-------+-------+-------++-------
Melee: Executioner's axe |     1 |       |       |     1 |     2 |     7 |       ||    11
